 Dungeon Crawl Stone Soup version 0.29.1-15-g9cfb28693d (webtiles) character file.

Game seed: 4462546031754288716

177 12sPaWn12 the Firebug (level 5, -1/37 HPs)
             Began as a Gnoll Fire Elementalist on Mar 21, 2023.
             Succumbed to Edmund's poison
             ... on level 4 of the Dungeon.
             The game lasted 00:06:49 (3403 turns).

12sPaWn12 the Firebug (Gnoll Fire Elementalist)     Turns: 3403, Time: 00:06:49

Health: -1/37      AC:  2    Str:  8    XL:     5   Next: 57%
Magic:  4/12       EV: 13    Int: 16    God:
Gold:   186        SH:  0    Dex: 12    Spells: 13/14 levels left

rFire   . . .      SeeInvis .   q - +0 spear
rCold   . . .      Faith    .   (no shield)
rNeg    . . .      Spirit   .   a - +0 robe
rPois   .          Reflect  .   (no helmet)
rElec   .          Harm     .   (no cloak)
rCorr   .          Rampage  .   (no gloves)
Will    .....                   (no boots)
Stlth   +++.......              (no amulet)
HPRegen 0.12/turn               (no ring)
MPRegen 0.13/turn               (no ring)

@: lethally poisoned (-1 -> -15)
A: fangs 1, strong nose, distributed training
a: no special abilities


You were on level 4 of the Dungeon.
You visited 1 branch of the dungeon, and saw 4 of its levels.

You collected 186 gold pieces.

Inventory:

Hand Weapons
 q - a +0 spear (weapon)
Armour
 a - a +0 robe (worn)
Jewellery
 k - a +4 ring of evasion
 l - a ring of fire
 y - a ring of protection from cold
Wands
 r - a wand of iceblast (6)
Scrolls
 e - 4 scrolls of identify {unknown}
 f - a scroll of immolation {unknown}
 g - a scroll of fog {unknown}
 j - 3 scrolls of teleportation {unknown}
 n - a scroll of vulnerability {unknown}
 s - a scroll of enchant weapon {unknown}
 t - a scroll of amnesia {unknown}
 v - a scroll of poison {unknown}
 w - a scroll of silence {unknown}
 x - a scroll of noise {unknown}
Potions
 b - 2 potions of magic
 c - a potion of flight {unknown}
 d - 2 potions of might {unknown}
 h - a potion of attraction {unknown}
 i - a potion of experience {unknown}
 m - a potion of brilliance {unknown}
 o - a potion of cancellation {unknown}
 p - a potion of haste {unknown}
 u - a potion of mutation {unknown}


   Skills:
 + Level 1.6 Fighting
 + Level 1.6 Short Blades
 + Level 1.6 Long Blades
 + Level 1.6 Axes
 + Level 1.6 Maces & Flails
 + Level 1.6 Polearms
 + Level 1.6 Staves
 + Level 1.6 Ranged Weapons
 + Level 1.6 Throwing
 + Level 1.6 Armour
 + Level 4.8 Dodging
 + Level 4.4 Stealth
 + Level 1.6 Shields
 + Level 1.6 Unarmed Combat
 + Level 5.2 Spellcasting
 + Level 2.4 Conjurations
 + Level 1.3 Hexes
 + Level 1.3 Summonings
 + Level 1.3 Necromancy
 + Level 1.3 Translocations
 + Level 1.3 Transmutations
 + Level 5.6 Fire Magic
 + Level 1.3 Ice Magic
 + Level 1.3 Air Magic
 + Level 1.3 Earth Magic
 + Level 1.3 Poison Magic
 + Level 1.8 Invocations
 + Level 1.6 Evocations


You had 13 spell levels left.
You knew the following spells:

 Your Spells              Type           Power      Damage    Failure   Level
a - Foxfire               Conj/Fire      68%        2x1d7     2%          1

Your spell library contained the following spells:

 Spells                   Type           Power      Damage    Failure   Level
 Scorch                   Fire           44%        2d7       2%          2
 Conjure Flame            Conj/Fire      17%        6-21      9%          3
 Static Discharge         Conj/Air       10%        3-5/arc   11%         2
 Inner Flame              Hex/Fire       15%        N/A       11%         3
 Blink                    Tloc           16%        N/A       13%         2
 Dazzling Flash           Conj/Hex       20%        N/A       21%         3
 Ozocubu's Armour         Ice            8%         N/A       26%         3
 Flame Wave               Conj/Fire      17%        2d7       28%         4
 Iskenderun's Mystic Bla  Conj/Tloc      10%        2d4       56%         4
 Lightning Bolt           Conj/Air       5%         1d17      88%         5
 Manifold Assault         Tloc           8%         N/A       94%         5
 Metabolic Englaciation   Hex/Ice        4%         N/A       94%         5
 Starburst                Conj/Fire      8%         6d4       99%         6
 Simulacrum               Ice/Necr       4%         N/A       100%        6
 Storm Form               Tmut/Air       4%         N/A       100%        7
 Maxwell's Capacitive Co  Air            4%         ∞         100%        8


Dungeon Overview and Level Annotations

Branches:
Dungeon (4/15)
 Temple: D:4-7

Altars:
Makhleb
Qazlal
Ru
Trog
Wu Jian

Annotations:
D:4 Edmund


Innate Abilities, Weirdness & Mutations

You have very sharp teeth.
Your uncanny sense of smell can sniff out nearby items.
Your experience applies equally to all skills.


Message History

Edmund shouts!
You conjure some foxfire!
The foxfire hits Edmund but does no damage.
The foxfire hits Edmund.
Edmund is lightly wounded.
You conjure some foxfire!
The foxfire hits Edmund.
Edmund is lightly wounded.
A jackal comes into view.
The foxfire hits Edmund.
Edmund is moderately wounded.
You conjure some foxfire!
The foxfire hits Edmund but does no damage.
Edmund is moderately wounded.
You conjure some foxfire!
The foxfire hits Edmund.
Edmund is moderately wounded.
The foxfire hits the jackal.
You kill the jackal!
Edmund hits you with a +2 flail of venom.
You conjure some foxfire!
Edmund hits you with a +2 flail of venom!
There is not enough space to conjure foxfire!
There is not enough space to conjure foxfire!
There is not enough space to conjure foxfire!
Your foxfire dissipates!
The foxfire hits Edmund.
Edmund is moderately wounded.
The foxfire hits Edmund.
Edmund is moderately wounded.
You conjure some foxfire!
Edmund barely misses you.
You conjure some foxfire!
The foxfire hits Edmund but does no damage.
Edmund is moderately wounded.
The foxfire hits Edmund but does no damage.
Edmund is moderately wounded.
Edmund hits you with a +2 flail of venom!
Edmund attacks as you move away!
Edmund hits you with a +2 flail of venom!
* * * LOW HITPOINT WARNING * * *
You are lethally poisoned!
You die...

### #.. #.# #.#
#.# #.#
##########.#####
#........@.@...#
#.########v###.#
#.# #.#.v...#
#.# #.#!....#
#.# #.........
#.# ###.....###
########.#
#.....#
.........#
###.###
...#.##### ...


You could see Edmund (ally target).

Vanquished Creatures
  A phantom (D:3)
  An orc priest (D:3)
  3 adders
  5 orcs
  3 ball pythons
  5 endoplasms
  3 giant cockroaches
  4 goblins
  2 hobgoblins
  A jackal (D:4)
  2 quokkas
  4 bats
  5 frilled lizards
  5 kobolds
  4 rats
48 creatures vanquished.

Vanquished Creatures (others)
  170 foxfires
170 creatures vanquished.

Grand Total: 218 creatures vanquished

Notes
Turn   | Place    | Note
-------+----------+-------------------------------------------
     0 | D:1      | 12sPaWn12 the Gnoll Fire Elementalist began the quest for
                  | the Orb.
     0 | D:1      | Reached XP level 1. HP: 13/13 MP: 6/6
   304 | D:1      | Reached XP level 2. HP: 19/19 MP: 5/7
   568 | D:1      | Found a faded altar of an unknown god.
   568 | D:1      | Noticed a hellwing
  1137 | D:2      | Reached skill level 5 in Spellcasting
  1137 | D:2      | Reached XP level 3. HP: 6/25 MP: 1/9
  1424 | D:2      | Found a sacrificial altar of Ru.
  1961 | D:2      | Reached skill level 1 in Invocations
  2141 | D:3      | Noticed a phantom
  2147 | D:3      | Killed a phantom
  2148 | D:3      | Reached skill level 1 in Fighting
  2148 | D:3      | Reached skill level 1 in Short Blades
  2148 | D:3      | Reached skill level 1 in Long Blades
  2148 | D:3      | Reached skill level 1 in Axes
  2148 | D:3      | Reached skill level 1 in Maces & Flails
  2148 | D:3      | Reached skill level 1 in Polearms
  2148 | D:3      | Reached skill level 1 in Staves
  2148 | D:3      | Reached skill level 1 in Ranged Weapons
  2148 | D:3      | Reached skill level 1 in Throwing
  2148 | D:3      | Reached skill level 1 in Armour
  2148 | D:3      | Reached skill level 1 in Shields
  2148 | D:3      | Reached skill level 1 in Unarmed Combat
  2148 | D:3      | Reached skill level 1 in Hexes
  2148 | D:3      | Reached skill level 1 in Summonings
  2148 | D:3      | Reached skill level 1 in Necromancy
  2148 | D:3      | Reached skill level 1 in Translocations
  2148 | D:3      | Reached skill level 1 in Transmutations
  2148 | D:3      | Reached skill level 1 in Ice Magic
  2148 | D:3      | Reached skill level 1 in Air Magic
  2148 | D:3      | Reached skill level 1 in Earth Magic
  2148 | D:3      | Reached skill level 1 in Poison Magic
  2148 | D:3      | Reached skill level 1 in Evocations
  2148 | D:3      | Reached XP level 4. HP: 32/32 MP: 3/11
  2229 | D:3      | Found an ornate altar of the Wu Jian Council.
  2301 | D:3      | Found a stormy altar of Qazlal.
  2650 | D:3      | Reached XP level 5. HP: 37/37 MP: 10/12
  3176 | D:3      | Found a burning altar of Makhleb.
  3176 | D:3      | Found a bloodstained altar of Trog.
  3388 | D:4      | Noticed Edmund
  3403 | D:4      | Succumbed to Edmund's poison

Illustrated notes

Levels and vault maps discovered:
D:1:      lemuel_arrival_behind_the_door_small, layout_basic,
          dreamdust_ecumenical_altar_sealed_demon
D:2:      layout_basic, basic_altar, dreamdust_princess_bridge, hex_medium
D:3:      layout_basic, nzn_wu_jian_contemplation,
          nicolae_overflow_hidden_temple
D:4:      layout_loops_ring, uniq_edmund

Skill      XL: |  1  2  3 |
---------------+----------+-----
Conjurations   | 2 |  2.4
Spellcasting   | 5 |  5.2
Invocations    | 1 |  1.8
Fighting       | 1 |  1.6
Short Blades   | 1 |  1.6
Long Blades    | 1 |  1.6
Axes           | 1 |  1.6
Maces & Flails | 1 |  1.6
Polearms       | 1 |  1.6
Staves         | 1 |  1.6
Ranged Weapons | 1 |  1.6
Throwing       | 1 |  1.6
Armour         | 1 |  1.6
Shields        | 1 |  1.6
Unarmed Combat | 1 |  1.6
Hexes          | 1 |  1.3
Summonings     | 1 |  1.3
Necromancy     | 1 |  1.3
Translocations | 1 |  1.3
Transmutations | 1 |  1.3
Ice Magic      | 1 |  1.3
Air Magic      | 1 |  1.3
Earth Magic    | 1 |  1.3
Poison Magic   | 1 |  1.3
Evocations     | 1 |  1.6
Dodging        | |  4.8
Stealth        | |  4.4
Fire Magic     | |  5.6

Action                   |  1- 3 |  4- 6 || total
-------------------------+-------+-------++-------
Melee: Unarmed           |    22 |       ||    22
       Bite              |     2 |       ||     2
 Cast: Foxfire           |    64 |    58 ||   122
 Stab: Sleeping          |     1 |       ||     1
Armor: Robe              |     7 |     2 ||     9
Dodge: Dodged            |    25 |     6 ||    31
